AoeStats
← MAN1YAKFOX

Arena

509840797Analyzed
1v1 RM · 5d ago on Sep 28, 2026· 23m 44s· 2 players
Game mode
Random Map
Map size
Tiny (2 player)
Population
200
Speed
Normal
Resources
Standard
Victory
Conquest
Starting age
Dark Age
Ending age
Imperial Age
RankedLock teamsTeams togetherTeam positionsShared explorationLock speedFull tech treeHidden civsTurbo modeCheats
Victory
Defeat
🇷🇺 Romans · Russia
1047
+18
🇨🇳 Franks · China
1084
-18
MAN1YAKFOX
4:39 Loom
11:53 Feudal Age
17:32 Castle Age
16:14 Man-at-Arms
18:28 Long Swordsman
20:25 Scale Mail Armor
20:37 Forging
21:27 Chain Mail Armor
22:42 Town Watch
我叫徐海怪
11:06 Feudal Age
12:11 Double-Bit Axe
15:11 Castle Age
15:56 Wheelbarrow
Connection lost

Rejoining the realm…

Still unreachable

The connection could not be restored.

Session expired

The server has moved on; the page needs a fresh start.